[ AOE2 MATCH · #461923335 ]
UnrankedCelts vs Koreans
[ REPLAY ANALYSIS · EXTRACTED FROM THE RECORDED GAME ]
Feudal
8:49
Castle
21:16
Imperial
34:45
| APM avg | 13.8 |
| APM peak | 47 |
| eAPM avg | 11.3 |
| Villagers / military | 113 / 156 |
Focus
⚔️ 29.2% · 🌾 70.8%
Woad Raider ×129 · Battering Ram ×15 · Archer ×7 · Spearman ×3 · Trade Cart ×3 · Skirmisher ×2
Feudal
9:14
Castle
18:01
Imperial
27:47
| APM avg | 12.8 |
| APM peak | 52 |
| eAPM avg | 9.3 |
| Villagers / military | 101 / 83 |
Focus
⚔️ 34.6% · 🌾 65.4%
Gbeto ×44 · Cavalry Archer ×31 · Trade Cart ×14 · Scout Cavalry ×5 · Archer ×3
Feudal
—
Castle
—
Imperial
—
| APM avg | 11.7 |
| APM peak | 34 |
| eAPM avg | 9.5 |
| Villagers / military | 106 / 75 |
Focus
⚔️ 32.7% · 🌾 67.3%
Spearman ×41 · Steppe Lancer ×29 · Trade Cart ×9 · Trebuchet (Packed) ×3 · Monk ×2
Feudal
4:40
Castle
23:19
Imperial
38:30
| APM avg | 9.0 |
| APM peak | 32 |
| eAPM avg | 7.3 |
| Villagers / military | 58 / 113 |
Focus
⚔️ 48.6% · 🌾 51.4%
Knight ×36 · Spearman ×32 · War Wagon ×27 · Skirmisher ×16 · Trade Cart ×4 · Trebuchet (Packed) ×2
Feudal
7:25
Castle
17:10
Imperial
35:17
| APM avg | 14.9 |
| APM peak | 26 |
| eAPM avg | 10.0 |
| Villagers / military | 99 / 167 |
Focus
⚔️ 37.5% · 🌾 62.5%
Monaspa ×154 · Trebuchet (Packed) ×7 · Trade Cart ×4 · Spearman ×3 · Battering Ram ×2 · Monk ×1
Feudal
7:12
Castle
11:24
Imperial
20:57
| APM avg | 27.0 |
| APM peak | 43 |
| eAPM avg | 17.2 |
| Villagers / military | 125 / 259 |
Focus
⚔️ 30.6% · 🌾 69.4%
Camel Scout ×194 · Hand Cannoneer ×51 · Bombard Cannon ×10 · Monk ×2 · Spearman ×2
Match map
Initial resources + every placement click. Lines = walls · curves = elevation contours. ◆ gold · ⬟ stone · ● berries · ✦ relic · ◌ wall gap
Inputs per minute
— Squit Please - - dru
Build order — Squit Please
First 150 of 393 actions detected
| 0:01 | Create | Villager (Male) ×5 |
| 0:01 | Create | Villager (Male) ×5 |
| 0:01 | Create | Villager (Male) ×5 |
| 0:38 | Build | Lumber Camp |
| 3:41 | Build | Lumber Camp |
| 4:21 | Build | Mill |
| 4:28 | Create | Villager (Male) |
| 5:08 | Build | Barracks |
| 5:36 | Build | Mining Camp |
| 5:41 | Build | House |
| 5:51 | Build | House |
| 6:39 | Research | Feudal Age |
| 6:43 | Build | Farm |
| 6:49 | Build | House |
| 7:37 | Build | Mining Camp |
| 8:22 | Build | House |
| 8:34 | Build | Farm |
| 8:37 | Build | Farm |
| 8:44 | Build | Farm |
| 8:49 | Age | Feudal Age |
| 8:56 | Research | Double-Bit Axe |
| 9:00 | Research | Horse Collar |
| 9:06 | Research | Town Watch |
| 9:10 | Research | Wheelbarrow |
| 9:10 | Research | Town Watch |
| 9:13 | Research | Loom |
| 9:17 | Build | Archery Range |
| 9:23 | Build | Building 487 |
| 9:27 | Build | Stone Wall |
| 10:05 | Research | Gold Mining |
| 10:10 | Research | Stone Mining |
| 10:18 | Build | Stone Wall |
| 10:21 | Build | Stone Wall |
| 10:29 | Build | Stone Wall |
| 10:33 | Build | Stone Wall |
| 10:39 | Create | Villager (Male) |
| 10:39 | Create | Villager (Male) |
| 10:54 | Create | Skirmisher |
| 10:55 | Create | Skirmisher |
| 10:59 | Create | Archer |
| 10:59 | Create | Archer |
| 10:59 | Create | Archer |
| 11:00 | Create | Archer |
| 11:00 | Create | Archer |
| 11:00 | Create | Archer |
| 11:00 | Create | Archer |
| 11:06 | Create | Spearman |
| 11:06 | Create | Spearman |
| 11:06 | Create | Spearman |
| 11:16 | Build | House |
| 11:22 | Create | Villager (Male) |
| 11:23 | Create | Villager (Male) |
| 11:34 | Build | Stone Wall |
| 11:40 | Build | Stone Wall |
| 12:15 | Build | Building 673 |
| 12:27 | Create | Villager (Male) |
| 12:49 | Build | Blacksmith |
| 13:05 | Build | Stone Wall |
| 13:07 | Build | Stone Wall |
| 13:09 | Build | Stone Wall |
| 13:14 | Create | Villager (Male) |
| 13:15 | Create | Villager (Male) |
| 13:38 | Build | Stone Wall |
| 13:47 | Build | Building 487 |
| 13:52 | Create | Villager (Male) |
| 14:10 | Build | Stone Wall |
| 14:13 | Build | Stone Wall |
| 14:17 | Build | Stone Wall |
| 14:21 | Build | Building 673 |
| 14:23 | Create | Villager (Male) |
| 14:41 | Build | Farm |
| 14:43 | Build | Farm |
| 14:50 | Build | Farm |
| 14:51 | Build | Farm |
| 14:53 | Create | Villager (Male) |
| 14:53 | Create | Villager (Male) |
| 15:17 | Build | Mill |
| 15:18 | Build | Farm |
| 15:19 | Build | Farm |
| 15:19 | Build | Farm |
| 15:20 | Build | Farm |
| 15:38 | Create | Villager (Male) |
| 16:45 | Build | Market |
| 16:53 | Create | Villager (Male) |
| 17:01 | Build | Farm |
| 17:01 | Build | Farm |
| 17:02 | Build | Farm |
| 17:04 | Build | Farm |
| 17:48 | Create | Villager (Male) |
| 18:36 | Research | Castle Age |
| 19:26 | Build | Stone Wall |
| 19:27 | Build | Stone Wall |
| 19:29 | Build | Stone Wall |
| 19:45 | Research | Forging |
| 19:47 | Research | Scale Mail Armor |
| 20:02 | Build | Stone Wall |
| 20:03 | Build | Stone Wall |
| 20:05 | Build | Stone Wall |
| 20:18 | Build | House |
| 20:19 | Build | House |
| 20:44 | Create | Trade Cart |
| 21:16 | Age | Castle Age |
| 21:17 | Create | Woad Raider |
| 21:18 | Create | Woad Raider |
| 21:18 | Create | Woad Raider |
| 21:18 | Create | Woad Raider |
| 21:18 | Create | Woad Raider |
| 21:19 | Create | Woad Raider |
| 21:19 | Create | Woad Raider |
| 21:20 | Create | Woad Raider |
| 21:43 | Build | Town Center |
| 22:14 | Research | Bow Saw |
| 22:18 | Create | Woad Raider |
| 22:18 | Create | Woad Raider |
| 22:19 | Create | Woad Raider |
| 22:19 | Create | Woad Raider |
| 22:19 | Create | Woad Raider |
| 22:19 | Create | Woad Raider |
| 23:18 | Build | Town Center |
| 23:28 | Create | Woad Raider |
| 23:29 | Create | Woad Raider |
| 23:29 | Create | Woad Raider |
| 23:30 | Create | Woad Raider |
| 23:30 | Create | Woad Raider |
| 23:37 | Create | Villager (Male) |
| 23:42 | Build | House |
| 23:43 | Build | House |
| 23:43 | Build | House |
| 23:44 | Build | House |
| 24:11 | Create | Woad Raider |
| 24:11 | Create | Woad Raider |
| 24:12 | Create | Woad Raider |
| 24:34 | Create | Villager (Male) |
| 24:38 | Create | Villager (Male) |
| 24:52 | Create | Villager (Male) |
| 24:52 | Create | Villager (Male) |
| 25:40 | Research | Hand Cart |
| 25:42 | Create | Villager (Male) |
| 26:00 | Build | Lumber Camp |
| 26:08 | Create | Villager (Male) |
| 26:08 | Create | Villager (Male) |
| 27:04 | Create | Villager (Male) |
| 27:04 | Create | Villager (Male) |
| 27:04 | Create | Villager (Male) |
| 27:05 | Create | Villager (Male) |
| 27:05 | Create | Villager (Male) |
| 27:06 | Create | Villager (Male) |
| 27:06 | Create | Villager (Male) |
| 28:10 | Create | Villager (Male) |
| 28:11 | Create | Villager (Male) |
Build order — dru
First 150 of 381 actions detected
| 0:03 | Create | Villager (Male) |
| 0:03 | Create | Villager (Male) |
| 0:03 | Create | Villager (Male) |
| 0:03 | Create | Villager (Male) |
| 0:04 | Create | Villager (Male) |
| 0:04 | Create | Villager (Male) |
| 0:04 | Create | Villager (Male) |
| 0:20 | Build | Mill |
| 1:44 | Create | Villager (Male) |
| 1:44 | Create | Villager (Male) |
| 5:27 | Build | Lumber Camp |
| 6:18 | Build | Farm |
| 6:20 | Build | Farm |
| 6:22 | Build | Farm |
| 6:23 | Build | Farm |
| 6:24 | Build | Farm |
| 6:26 | Build | Farm |
| 6:27 | Build | Farm |
| 6:31 | Build | Farm |
| 6:39 | Create | Villager (Male) |
| 6:39 | Create | Villager (Male) |
| 6:41 | Research | Feudal Age |
| 7:24 | Build | House |
| 7:32 | Build | Barracks |
| 7:38 | Build | Palisade Wall |
| 7:48 | Build | House |
| 7:49 | Build | House |
| 8:09 | Build | Palisade Wall |
| 9:10 | Create | Villager (Male) |
| 9:10 | Create | Villager (Male) |
| 9:10 | Create | Villager (Male) |
| 9:11 | Create | Villager (Male) |
| 9:11 | Create | Villager (Male) |
| 9:11 | Create | Villager (Male) |
| 9:13 | Create | Villager (Male) |
| 9:14 | Age | Feudal Age |
| 9:18 | Build | Farm |
| 9:19 | Build | Farm |
| 10:11 | Research | Horse Collar |
| 10:14 | Research | Double-Bit Axe |
| 10:24 | Create | Villager (Male) |
| 10:24 | Create | Villager (Male) |
| 10:29 | Create | Villager (Male) |
| 10:39 | Build | Mining Camp |
| 11:09 | Build | Archery Range |
| 11:16 | Build | Stable |
| 11:22 | Build | Palisade Wall |
| 12:11 | Build | Market |
| 12:20 | Build | Blacksmith |
| 12:40 | Build | Palisade Wall |
| 12:45 | Build | Building 800 |
| 12:52 | Build | Palisade Wall |
| 13:01 | Build | Palisade Wall |
| 13:03 | Build | Palisade Wall |
| 13:39 | Create | Villager (Male) |
| 13:48 | Build | Farm |
| 13:49 | Build | Farm |
| 13:51 | Build | Farm |
| 14:06 | Create | Villager (Male) |
| 14:06 | Create | Villager (Male) |
| 14:10 | Create | Villager (Male) |
| 14:16 | Create | Villager (Male) |
| 15:12 | Research | Gold Mining |
| 15:17 | Research | Castle Age |
| 15:50 | Create | Scout Cavalry |
| 15:51 | Create | Scout Cavalry |
| 15:51 | Create | Scout Cavalry |
| 15:52 | Create | Scout Cavalry |
| 15:55 | Create | Scout Cavalry |
| 16:33 | Build | Farm |
| 16:45 | Research | Scale Mail Armor |
| 16:49 | Research | Scale Barding Armor |
| 17:00 | Create | Archer |
| 17:00 | Create | Archer |
| 17:01 | Create | Archer |
| 17:13 | Research | Wheelbarrow |
| 17:28 | Build | House |
| 17:32 | Build | House |
| 17:33 | Build | House |
| 18:01 | Age | Castle Age |
| 18:34 | Create | Trade Cart |
| 18:35 | Create | Trade Cart |
| 18:43 | Research | Chain Barding Armor |
| 18:59 | Research | Squires |
| 19:13 | Create | Villager (Male) |
| 19:13 | Create | Villager (Male) |
| 19:14 | Create | Villager (Male) |
| 19:14 | Create | Villager (Male) |
| 19:29 | Research | Gold Shaft Mining |
| 19:57 | Build | Town Center |
| 22:12 | Create | Villager (Male) |
| 22:12 | Create | Villager (Male) |
| 22:12 | Create | Villager (Male) |
| 22:13 | Create | Villager (Male) |
| 22:13 | Create | Villager (Male) |
| 22:13 | Create | Villager (Male) |
| 22:13 | Create | Villager (Male) |
| 22:14 | Create | Villager (Male) |
| 22:14 | Create | Villager (Male) |
| 24:37 | Research | Imperial Age |
| 24:42 | Create | Villager (Male) |
| 24:42 | Create | Villager (Male) |
| 24:43 | Create | Villager (Male) |
| 24:43 | Create | Villager (Male) |
| 24:43 | Create | Villager (Male) |
| 24:43 | Create | Villager (Male) |
| 25:01 | Research | Loom |
| 25:47 | Research | Stone Mining |
| 25:51 | Create | Villager (Male) |
| 25:52 | Create | Villager (Male) |
| 25:52 | Create | Villager (Male) |
| 25:52 | Create | Villager (Male) |
| 25:53 | Create | Villager (Male) |
| 25:53 | Create | Villager (Male) |
| 26:08 | Build | Farm |
| 26:11 | Build | Farm |
| 26:12 | Build | Farm |
| 26:13 | Build | Farm |
| 26:20 | Research | Heavy Plow |
| 27:06 | Research | Hand Cart |
| 27:22 | Build | Mining Camp |
| 27:47 | Age | Imperial Age |
| 27:53 | Create | Villager (Male) |
| 27:54 | Create | Villager (Male) |
| 27:54 | Create | Villager (Male) |
| 27:54 | Create | Villager (Male) |
| 27:55 | Create | Villager (Male) |
| 27:55 | Create | Villager (Male) |
| 28:23 | Build | Town Center |
| 28:43 | Create | Villager (Male) |
| 28:43 | Create | Villager (Male) |
| 28:44 | Create | Villager (Male) |
| 28:44 | Create | Villager (Male) |
| 28:44 | Create | Villager (Male) |
| 28:44 | Create | Villager (Male) |
| 29:53 | Create | Villager (Male) |
| 29:54 | Create | Villager (Male) |
| 29:54 | Create | Villager (Male) |
| 29:54 | Create | Villager (Male) |
| 29:54 | Create | Villager (Male) |
| 29:55 | Create | Villager (Male) |
| 29:55 | Create | Villager (Male) |
| 29:55 | Create | Villager (Male) |
| 29:55 | Create | Villager (Male) |
| 30:06 | Build | Farm |
| 30:07 | Build | Farm |
| 30:07 | Build | Farm |
| 30:08 | Build | Farm |
| 30:08 | Build | Farm |
| 30:09 | Build | Farm |
Build order — sPige0n
First 150 of 351 actions detected
| 0:02 | Create | Villager (Male) ×5 |
| 0:07 | Build | Mill |
| 0:18 | Build | Lumber Camp |
| 0:29 | Build | House |
| 0:29 | Build | House |
| 0:30 | Build | House |
| 0:35 | Build | Mining Camp |
| 1:09 | Create | Villager (Male) |
| 1:09 | Create | Villager (Male) |
| 1:10 | Create | Villager (Male) |
| 1:11 | Create | Villager (Male) |
| 2:44 | Build | Mining Camp |
| 3:04 | Create | Villager (Male) |
| 3:05 | Create | Villager (Male) |
| 4:04 | Research | Feudal Age |
| 6:24 | Create | Villager (Male) |
| 6:24 | Create | Villager (Male) |
| 6:25 | Create | Villager (Male) |
| 6:25 | Create | Villager (Male) |
| 6:25 | Create | Villager (Male) |
| 6:34 | Research | Double-Bit Axe |
| 7:15 | Create | Villager (Male) |
| 7:17 | Create | Villager (Male) |
| 7:27 | Build | Market |
| 7:32 | Build | Blacksmith |
| 7:58 | Build | Stone Wall |
| 8:00 | Build | Stone Wall |
| 8:04 | Build | Stone Wall |
| 8:08 | Build | Building 490 |
| 8:17 | Build | Stone Wall |
| 8:21 | Build | Stone Wall |
| 8:28 | Build | Building 487 |
| 8:39 | Create | Villager (Male) |
| 8:39 | Create | Villager (Male) |
| 8:40 | Create | Villager (Male) |
| 8:40 | Create | Villager (Male) |
| 8:40 | Create | Villager (Male) |
| 8:56 | Build | Farm |
| 8:56 | Build | Farm |
| 8:58 | Build | Farm |
| 9:04 | Build | Farm |
| 9:20 | Research | Horse Collar |
| 10:24 | Build | Barracks |
| 10:32 | Create | Villager (Male) |
| 10:32 | Create | Villager (Male) |
| 11:36 | Build | Stone Wall |
| 11:57 | Research | Castle Age |
| 12:26 | Build | Farm |
| 12:27 | Build | Farm |
| 12:28 | Build | Farm |
| 12:31 | Build | Farm |
| 12:33 | Build | Farm |
| 12:35 | Build | Farm |
| 12:36 | Build | Farm |
| 12:38 | Build | Farm |
| 12:42 | Build | Farm |
| 14:09 | Build | House |
| 14:11 | Build | House |
| 14:12 | Build | House |
| 14:13 | Build | House |
| 14:14 | Build | House |
| 14:16 | Build | House |
| 14:19 | Build | House |
| 14:20 | Build | House |
| 14:47 | Build | Town Center |
| 14:57 | Build | Town Center |
| 15:07 | Build | University |
| 15:11 | Build | Monastery |
| 15:22 | Research | Wheelbarrow |
| 15:24 | Create | Villager (Male) |
| 15:25 | Create | Villager (Male) |
| 15:25 | Create | Villager (Male) |
| 15:25 | Create | Villager (Male) |
| 15:25 | Create | Villager (Male) |
| 15:28 | Research | Bow Saw |
| 15:56 | Create | Monk |
| 16:49 | Build | Stable |
| 17:09 | Build | Mining Camp |
| 17:25 | Create | Villager (Male) |
| 17:25 | Create | Villager (Male) |
| 17:25 | Create | Villager (Male) |
| 17:25 | Create | Villager (Male) |
| 17:26 | Create | Villager (Male) |
| 17:26 | Create | Villager (Male) |
| 17:39 | Create | Villager (Male) |
| 17:39 | Create | Villager (Male) |
| 17:40 | Create | Villager (Male) |
| 17:40 | Create | Villager (Male) |
| 17:40 | Create | Villager (Male) |
| 18:02 | Create | Monk |
| 18:20 | Build | Mining Camp |
| 18:35 | Create | Villager (Male) |
| 18:35 | Create | Villager (Male) |
| 18:35 | Create | Villager (Male) |
| 18:36 | Create | Villager (Male) |
| 18:36 | Create | Villager (Male) |
| 18:43 | Build | Lumber Camp |
| 18:54 | Create | Villager (Male) |
| 18:54 | Create | Villager (Male) |
| 18:55 | Create | Villager (Male) |
| 18:55 | Create | Villager (Male) |
| 18:56 | Create | Villager (Male) |
| 19:35 | Build | Stone Wall |
| 19:37 | Build | Stone Wall |
| 19:41 | Build | Stone Wall |
| 19:45 | Build | Stone Wall |
| 19:53 | Research | Heavy Plow |
| 20:11 | Research | Hand Cart |
| 20:41 | Build | Farm |
| 20:42 | Build | Farm |
| 20:45 | Build | Farm |
| 20:45 | Build | Farm |
| 20:45 | Build | Farm |
| 20:46 | Build | Farm |
| 20:46 | Build | Farm |
| 20:46 | Build | Farm |
| 21:57 | Create | Villager (Male) |
| 21:58 | Create | Villager (Male) |
| 21:58 | Create | Villager (Male) |
| 21:58 | Create | Villager (Male) |
| 21:58 | Create | Villager (Male) |
| 21:58 | Create | Villager (Male) |
| 21:59 | Create | Villager (Male) |
| 21:59 | Create | Villager (Male) |
| 21:59 | Create | Villager (Male) |
| 21:59 | Create | Villager (Male) |
| 22:10 | Build | Mill |
| 22:15 | Build | Farm |
| 22:15 | Build | Farm |
| 22:15 | Build | Farm |
| 22:16 | Build | Farm |
| 22:16 | Build | Farm |
| 22:17 | Build | Farm |
| 22:18 | Build | Farm |
| 22:36 | Build | House |
| 22:37 | Build | House |
| 22:38 | Build | House |
| 22:39 | Build | House |
| 22:40 | Build | House |
| 22:40 | Build | House |
| 22:40 | Build | House |
| 22:41 | Build | House |
| 22:41 | Build | House |
| 22:41 | Build | House |
| 22:42 | Build | House |
| 22:42 | Build | House |
| 22:57 | Research | Stone Mining |
| 23:02 | Build | Farm |
| 23:14 | Create | Villager (Male) |
| 23:15 | Create | Villager (Male) |
Build order — ismaelhidalgov
First 150 of 280 actions detected
| 0:29 | Build | Barracks |
| 0:38 | Build | Mill |
| 0:49 | Build | Mining Camp |
| 1:24 | Create | Villager (Male) |
| 2:07 | Build | Lumber Camp |
| 2:30 | Research | Feudal Age |
| 4:40 | Age | Feudal Age |
| 4:42 | Create | Villager (Male) |
| 4:42 | Create | Villager (Male) |
| 4:43 | Create | Villager (Male) |
| 4:43 | Create | Villager (Male) |
| 4:44 | Create | Villager (Male) |
| 4:44 | Create | Villager (Male) |
| 5:19 | Research | Double-Bit Axe |
| 5:21 | Create | Villager (Male) |
| 5:41 | Build | Farm |
| 7:57 | Create | Villager (Male) |
| 7:57 | Create | Villager (Male) |
| 7:58 | Create | Villager (Male) |
| 7:58 | Create | Villager (Male) |
| 8:33 | Build | House |
| 8:40 | Build | House |
| 9:58 | Research | Horse Collar |
| 10:10 | Build | House |
| 10:14 | Build | House |
| 10:23 | Research | Wheelbarrow |
| 10:42 | Create | Villager (Male) |
| 10:43 | Create | Villager (Male) |
| 10:43 | Create | Villager (Male) |
| 10:44 | Create | Villager (Male) |
| 11:02 | Build | Farm |
| 11:08 | Build | Farm |
| 11:11 | Build | Farm |
| 11:15 | Build | Farm |
| 11:34 | Build | Farm |
| 12:10 | Build | Farm |
| 12:55 | Build | Farm |
| 13:06 | Build | Farm |
| 13:28 | Build | Farm |
| 13:42 | Build | Farm |
| 14:06 | Build | Watch Tower |
| 14:14 | Build | Farm |
| 14:43 | Build | Blacksmith |
| 15:35 | Create | Spearman |
| 15:36 | Create | Spearman |
| 15:38 | Create | Spearman |
| 15:38 | Create | Spearman |
| 15:41 | Create | Spearman |
| 15:41 | Create | Spearman |
| 16:29 | Build | House |
| 16:38 | Build | House |
| 16:48 | Build | Stone Wall |
| 17:01 | Build | Stone Wall |
| 17:44 | Build | Market |
| 17:57 | Create | Spearman |
| 17:57 | Create | Spearman |
| 18:21 | Build | Building 800 |
| 18:34 | Create | Villager (Male) |
| 18:35 | Create | Villager (Male) |
| 18:35 | Create | Villager (Male) |
| 18:36 | Create | Villager (Male) |
| 18:37 | Create | Villager (Male) |
| 18:37 | Create | Villager (Male) |
| 18:37 | Create | Villager (Male) |
| 18:37 | Create | Villager (Male) |
| 18:38 | Create | Villager (Male) |
| 18:39 | Create | Villager (Male) |
| 18:39 | Create | Villager (Male) |
| 18:39 | Create | Villager (Male) |
| 19:18 | Build | Mining Camp |
| 19:29 | Build | Palisade Wall |
| 19:45 | Build | Palisade Wall |
| 19:53 | Build | Palisade Wall |
| 20:04 | Research | Castle Age |
| 20:28 | Research | Castle Age |
| 20:39 | Research | Stone Mining |
| 20:43 | Research | Gold Mining |
| 21:08 | Create | Trade Cart |
| 21:09 | Create | Trade Cart |
| 21:29 | Build | Palisade Wall |
| 22:03 | Build | Palisade Wall |
| 22:24 | Build | Stone Wall |
| 23:19 | Age | Castle Age |
| 23:25 | Research | Forging |
| 24:09 | Create | Villager (Male) |
| 24:10 | Create | Villager (Male) |
| 24:10 | Create | Villager (Male) |
| 24:10 | Create | Villager (Male) |
| 24:10 | Create | Villager (Male) |
| 24:10 | Create | Villager (Male) |
| 24:11 | Create | Villager (Male) |
| 24:11 | Create | Villager (Male) |
| 24:11 | Create | Villager (Male) |
| 24:12 | Create | Villager (Male) |
| 24:12 | Create | Villager (Male) |
| 24:13 | Create | Villager (Male) |
| 24:14 | Create | Villager (Male) |
| 24:14 | Create | Villager (Male) |
| 24:14 | Create | Villager (Male) |
| 24:16 | Research | Hand Cart |
| 24:25 | Research | Pikeman (upgrade) |
| 24:26 | Create | Spearman |
| 24:27 | Create | Spearman |
| 24:27 | Create | Spearman |
| 24:27 | Create | Spearman |
| 24:27 | Create | Spearman |
| 24:28 | Create | Spearman |
| 24:28 | Create | Spearman |
| 24:28 | Create | Spearman |
| 24:28 | Create | Spearman |
| 24:29 | Create | Spearman |
| 24:29 | Create | Spearman |
| 24:29 | Create | Spearman |
| 24:43 | Research | Iron Casting |
| 24:59 | Build | Farm |
| 25:04 | Build | Farm |
| 25:37 | Build | Stable |
| 25:48 | Build | Archery Range |
| 26:02 | Create | War Wagon |
| 26:27 | Build | Stone Wall |
| 27:00 | Create | Villager (Male) |
| 27:01 | Create | Villager (Male) |
| 27:02 | Create | Villager (Male) |
| 27:02 | Create | Villager (Male) |
| 27:02 | Create | Villager (Male) |
| 27:04 | Research | Hand Cart |
| 27:29 | Build | House |
| 27:34 | Build | House |
| 27:37 | Build | House |
| 28:24 | Build | Castle |
| 28:50 | Create | Knight |
| 28:52 | Create | Knight |
| 28:52 | Create | Knight |
| 28:52 | Create | Knight |
| 29:02 | Create | War Wagon |
| 29:02 | Create | War Wagon |
| 29:02 | Create | War Wagon |
| 29:02 | Create | War Wagon |
| 29:12 | Research | Scale Mail Armor |
| 29:14 | Research | Scale Barding Armor |
| 29:15 | Research | Fletching |
| 30:06 | Build | House |
| 30:08 | Build | House |
| 30:10 | Build | House |
| 30:34 | Build | Lumber Camp |
| 30:45 | Build | Farm |
| 31:32 | Create | Trade Cart |
| 31:32 | Create | Trade Cart |
| 31:59 | Build | Mining Camp |
| 32:21 | Build | Castle |
Build order — cukurbumbuksite
First 150 of 363 actions detected
| 0:15 | Create | Villager (Male) |
| 0:15 | Create | Villager (Male) |
| 0:15 | Create | Villager (Male) |
| 0:16 | Create | Villager (Male) |
| 0:50 | Build | House |
| 0:58 | Build | Mill |
| 1:20 | Build | House |
| 1:36 | Create | Villager (Male) |
| 1:36 | Create | Villager (Male) |
| 2:25 | Create | Villager (Male) |
| 2:26 | Create | Villager (Male) |
| 2:41 | Create | Villager (Male) |
| 3:02 | Create | Villager (Male) |
| 3:02 | Create | Villager (Male) |
| 3:22 | Build | Barracks |
| 4:33 | Create | Villager (Male) |
| 4:35 | Research | Feudal Age |
| 5:37 | Create | Villager (Male) |
| 6:21 | Create | Villager (Male) |
| 6:22 | Create | Villager (Male) |
| 6:36 | Build | House |
| 6:38 | Build | House |
| 7:12 | Build | Farm |
| 7:14 | Build | Farm |
| 7:22 | Build | Farm |
| 7:23 | Build | Farm |
| 7:25 | Age | Feudal Age |
| 7:26 | Build | Farm |
| 7:30 | Research | Wheelbarrow |
| 7:34 | Research | Double-Bit Axe |
| 7:45 | Build | Blacksmith |
| 7:57 | Create | Villager (Male) |
| 7:57 | Create | Villager (Male) |
| 8:18 | Build | Farm |
| 8:19 | Build | Farm |
| 8:22 | Create | Villager (Male) |
| 8:23 | Create | Villager (Male) |
| 8:23 | Create | Villager (Male) |
| 8:30 | Research | Gold Mining |
| 8:40 | Build | House |
| 9:48 | Research | Horse Collar |
| 9:53 | Research | Stone Mining |
| 10:00 | Create | Villager (Male) |
| 10:17 | Create | Villager (Male) |
| 10:18 | Create | Villager (Male) |
| 10:47 | Create | Villager (Male) |
| 10:48 | Create | Villager (Male) |
| 11:12 | Build | Mule Cart |
| 11:16 | Create | Villager (Male) |
| 11:36 | Build | Market |
| 11:59 | Create | Spearman |
| 12:00 | Create | Spearman |
| 12:00 | Create | Spearman |
| 12:09 | Create | Villager (Male) |
| 12:32 | Build | Farm |
| 12:54 | Create | Villager (Male) |
| 13:14 | Build | Mule Cart |
| 13:21 | Create | Villager (Male) |
| 13:36 | Build | Farm |
| 13:37 | Build | Farm |
| 13:37 | Build | Farm |
| 13:37 | Build | Farm |
| 13:38 | Build | Farm |
| 14:09 | Research | Castle Age |
| 14:09 | Research | Castle Age |
| 14:19 | Build | Farm |
| 14:24 | Build | Farm |
| 14:33 | Build | Farm |
| 15:20 | Create | Villager (Male) |
| 15:20 | Create | Villager (Male) |
| 15:21 | Create | Villager (Male) |
| 15:34 | Build | Farm |
| 15:42 | Create | Villager (Male) |
| 15:53 | Research | Scale Barding Armor |
| 15:55 | Research | Forging |
| 16:02 | Build | Farm |
| 17:06 | Create | Villager (Male) |
| 17:06 | Create | Villager (Male) |
| 17:10 | Age | Castle Age |
| 17:15 | Research | Hand Cart |
| 17:22 | Research | Heavy Plow |
| 17:39 | Build | Monastery |
| 17:55 | Create | Villager (Male) |
| 17:56 | Create | Villager (Male) |
| 18:15 | Research | Iron Casting |
| 18:28 | Create | Monk |
| 18:46 | Research | Bow Saw |
| 19:19 | Create | Villager (Male) |
| 19:33 | Research | Stone Shaft Mining |
| 20:06 | Create | Villager (Male) |
| 20:24 | Build | Town Center |
| 20:29 | Create | Villager (Male) |
| 20:39 | Research | Svan Towers |
| 20:41 | Create | Monaspa ×3 |
| 21:22 | Research | Gambesons |
| 21:28 | Research | Fletching |
| 21:32 | Create | Villager (Male) |
| 21:32 | Create | Villager (Male) |
| 21:41 | Build | University |
| 21:46 | Create | Villager (Male) |
| 21:56 | Create | Monaspa |
| 22:02 | Build | House |
| 22:03 | Build | House |
| 22:05 | Build | House |
| 22:07 | Build | House |
| 22:31 | Create | Monaspa |
| 22:31 | Create | Monaspa |
| 22:38 | Create | Villager (Male) |
| 22:38 | Create | Villager (Male) |
| 22:41 | Create | Villager (Male) |
| 22:42 | Create | Villager (Male) |
| 22:42 | Create | Villager (Male) |
| 22:42 | Create | Villager (Male) |
| 22:43 | Create | Villager (Male) |
| 22:44 | Create | Villager (Male) |
| 22:44 | Create | Villager (Male) |
| 22:50 | Build | Farm |
| 22:55 | Build | House |
| 22:59 | Build | House |
| 23:01 | Build | House |
| 23:02 | Build | House |
| 23:25 | Build | Farm |
| 23:26 | Build | Farm |
| 23:31 | Create | Monaspa |
| 23:31 | Create | Monaspa |
| 23:32 | Create | Monaspa |
| 24:11 | Build | House |
| 24:12 | Build | House |
| 24:14 | Build | House |
| 24:22 | Research | Town Watch |
| 24:23 | Research | Loom |
| 24:27 | Research | Murder Holes |
| 24:32 | Build | Farm |
| 24:38 | Create | Villager (Male) |
| 24:38 | Create | Villager (Male) |
| 24:38 | Create | Villager (Male) |
| 24:46 | Create | Villager (Male) |
| 24:46 | Create | Villager (Male) |
| 25:25 | Research | Squires |
| 25:31 | Research | Chain Barding Armor |
| 25:32 | Research | Bodkin Arrow |
| 25:37 | Build | Farm |
| 25:38 | Build | Farm |
| 25:41 | Build | Farm |
| 25:43 | Create | Villager (Male) |
| 25:44 | Create | Villager (Male) |
| 25:46 | Create | Villager (Male) |
| 25:46 | Create | Villager (Male) |
| 26:02 | Build | Mill |
| 26:25 | Create | Monaspa |
Build order — 123
First 150 of 360 actions detected
| 0:02 | Create | Villager (Male) |
| 0:03 | Create | Villager (Male) |
| 0:03 | Create | Villager (Male) |
| 0:03 | Create | Villager (Male) |
| 0:03 | Create | Villager (Male) |
| 0:10 | Build | House |
| 0:31 | Build | Lumber Camp |
| 0:35 | Build | Mill |
| 1:53 | Create | Villager (Male) |
| 1:53 | Create | Villager (Male) |
| 1:54 | Create | Villager (Male) |
| 2:04 | Create | Villager (Male) |
| 2:04 | Create | Villager (Male) |
| 2:04 | Create | Villager (Male) |
| 2:05 | Create | Villager (Male) |
| 2:05 | Create | Villager (Male) |
| 3:16 | Build | House |
| 4:12 | Research | Feudal Age |
| 5:10 | Build | Mining Camp |
| 6:39 | Create | Villager (Male) |
| 6:40 | Create | Villager (Male) |
| 7:12 | Age | Feudal Age |
| 7:18 | Build | Blacksmith |
| 7:21 | Build | Market |
| 7:53 | Build | Mill |
| 8:16 | Research | Horse Collar |
| 8:19 | Create | Villager (Male) |
| 8:37 | Research | Castle Age |
| 8:45 | Research | Double-Bit Axe |
| 8:45 | Research | Double-Bit Axe |
| 9:10 | Build | Farm |
| 9:10 | Build | Farm |
| 9:11 | Build | Farm |
| 9:30 | Create | Villager (Male) |
| 9:30 | Create | Villager (Male) |
| 9:43 | Build | Farm |
| 9:44 | Build | Farm |
| 9:57 | Build | Farm |
| 10:03 | Build | Farm |
| 10:43 | Build | Farm |
| 10:47 | Build | Farm |
| 11:24 | Age | Castle Age |
| 11:58 | Build | Town Center |
| 12:05 | Create | Villager (Male) |
| 12:27 | Create | Villager (Male) ×5 |
| 12:38 | Build | Farm |
| 12:39 | Build | Farm |
| 12:54 | Create | Villager (Male) |
| 12:54 | Create | Villager (Male) |
| 13:08 | Build | House |
| 13:08 | Build | House |
| 13:09 | Build | House |
| 13:10 | Build | House |
| 13:20 | Create | Villager (Male) |
| 13:21 | Create | Villager (Male) |
| 13:30 | Build | Farm |
| 13:31 | Build | Farm |
| 13:40 | Create | Villager (Male) |
| 13:49 | Research | Gold Mining |
| 13:55 | Create | Villager (Male) |
| 13:56 | Create | Villager (Male) |
| 14:09 | Create | Villager (Male) ×5 |
| 14:13 | Build | Farm |
| 14:18 | Build | Farm |
| 14:19 | Build | Farm |
| 14:21 | Build | Farm |
| 14:22 | Build | Farm |
| 14:22 | Build | Farm |
| 14:23 | Build | Farm |
| 14:23 | Build | Farm |
| 14:24 | Build | Farm |
| 14:25 | Build | Farm |
| 14:26 | Build | Farm |
| 14:36 | Build | Farm |
| 15:24 | Create | Villager (Male) |
| 15:33 | Create | Villager (Male) |
| 15:57 | Build | Town Center |
| 16:04 | Create | Villager (Male) |
| 16:05 | Create | Villager (Male) |
| 16:06 | Create | Villager (Male) |
| 16:15 | Build | Farm |
| 16:15 | Build | Farm |
| 16:27 | Create | Villager (Male) |
| 17:09 | Build | Monastery |
| 17:12 | Create | Villager (Male) ×5 |
| 17:47 | Research | Imperial Age |
| 17:58 | Create | Villager (Male) ×4 |
| 17:58 | Create | Villager (Male) ×4 |
| 18:13 | Create | Villager (Male) ×2 |
| 18:20 | Build | Barracks |
| 18:28 | Build | House |
| 18:28 | Build | House |
| 18:29 | Build | House |
| 18:29 | Build | House |
| 18:35 | Build | Mill |
| 18:36 | Build | Farm |
| 18:36 | Build | Farm |
| 18:36 | Build | Farm |
| 18:36 | Build | Farm |
| 18:37 | Build | Farm |
| 18:47 | Research | Loom |
| 18:47 | Research | Loom |
| 18:52 | Research | Heavy Plow |
| 19:12 | Research | Bow Saw |
| 19:19 | Build | Farm |
| 19:20 | Build | Farm |
| 19:31 | Build | Farm |
| 19:35 | Create | Villager (Male) ×2 |
| 19:40 | Build | Farm |
| 19:47 | Build | Farm |
| 20:04 | Research | Wheelbarrow |
| 20:06 | Create | Villager (Male) |
| 20:15 | Build | Stable |
| 20:20 | Build | Stone Wall |
| 20:22 | Build | Building 490 |
| 20:28 | Build | Stone Wall |
| 20:35 | Create | Villager (Male) ×5 |
| 20:41 | Create | Villager (Male) |
| 20:50 | Build | Mining Camp |
| 20:57 | Age | Imperial Age |
| 20:59 | Build | Farm |
| 20:59 | Build | Farm |
| 21:00 | Build | Farm |
| 21:11 | Build | Mill |
| 21:13 | Build | Farm |
| 21:13 | Build | Farm |
| 21:13 | Build | Farm |
| 21:13 | Build | Farm |
| 21:20 | Build | Farm |
| 21:29 | Build | Farm |
| 21:31 | Create | Villager (Male) ×5 |
| 21:32 | Create | Villager (Male) ×5 |
| 21:43 | Build | Farm |
| 21:48 | Build | Farm |
| 21:59 | Build | Farm |
| 22:01 | Create | Villager (Male) ×5 |
| 22:14 | Build | Outpost |
| 22:15 | Build | Outpost |
| 22:18 | Build | Outpost |
| 22:28 | Research | Stone Mining |
| 22:38 | Research | Heavy Camel Rider (upgrade) |
| 22:42 | Create | Villager (Male) |
| 22:49 | Build | House |
| 22:49 | Build | House |
| 22:50 | Build | House |
| 22:50 | Build | House |
| 22:50 | Build | House |
| 22:50 | Build | House |
| 22:51 | Build | House |
| 22:51 | Build | House |
Match timeline
| 0:29 | ismaelhidalgov · first_building Barracks |
| 3:22 | cukurbumbuksite · first_building Barracks |
| 4:40 | ismaelhidalgov · age_up feudal |
| 5:08 | Squit Please · first_building Barracks |
| 7:12 | 123 · age_up feudal |
| 7:25 | cukurbumbuksite · age_up feudal |
| 7:32 | dru · first_building Barracks |
| 7:38 | dru · wall_segment Palisade Wall x7 |
| 7:58 | sPige0n · wall_segment Stone Wall x6 |
| 8:00 | sPige0n · wall_segment Stone Wall x10 |
| 8:04 | sPige0n · wall_segment Stone Wall x12 |
| 8:09 | dru · wall_segment Palisade Wall x12 |
| 8:17 | sPige0n · wall_segment Stone Wall x9 |
| 8:21 | sPige0n · wall_segment Stone Wall x12 |
| 8:35 | 123 · first_market_sell 100 food |
| 8:49 | Squit Please · age_up feudal |
| 9:14 | dru · age_up feudal |
| 9:17 | Squit Please · first_building Archery Range |
| 9:27 | Squit Please · wall_segment Stone Wall x2 |
| 10:18 | Squit Please · wall_segment Stone Wall x10 |
| 10:21 | Squit Please · wall_segment Stone Wall x9 |
| 10:24 | sPige0n · first_building Barracks |
| 10:29 | Squit Please · wall_segment Stone Wall x24 |
| 10:33 | Squit Please · wall_segment Stone Wall x16 |
| 11:09 | dru · first_building Archery Range |
| 11:16 | dru · first_building Stable |
| 11:22 | dru · wall_segment Palisade Wall x4 |
| 11:24 | 123 · age_up castle |
| 11:34 | Squit Please · wall_segment Stone Wall x11 |
| 11:36 | sPige0n · wall_segment Stone Wall x1 |
| 11:40 | Squit Please · wall_segment Stone Wall x15 |
| 11:52 | 123 · first_market_buy 100 wood |
| 12:40 | dru · wall_segment Palisade Wall x12 |
| 12:52 | dru · wall_segment Palisade Wall x10 |
| 13:01 | dru · wall_segment Palisade Wall x12 |
| 13:03 | dru · wall_segment Palisade Wall x9 |
| 13:05 | Squit Please · wall_segment Stone Wall x9 |
| 13:07 | Squit Please · wall_segment Stone Wall x4 |
| 13:09 | Squit Please · wall_segment Stone Wall x8 |
| 13:38 | Squit Please · wall_segment Stone Wall x8 |
| 14:10 | Squit Please · wall_segment Stone Wall x13 |
| 14:13 | Squit Please · wall_segment Stone Wall x1 |
| 14:17 | Squit Please · wall_segment Stone Wall x1 |
| 15:11 | sPige0n · first_building Monastery |
| 16:48 | ismaelhidalgov · wall_segment Stone Wall x1 |
| 16:49 | sPige0n · first_building Stable |
| 17:01 | ismaelhidalgov · wall_segment Stone Wall x2 |
| 17:09 | 123 · first_building Monastery |
| 17:10 | cukurbumbuksite · age_up castle |
| 17:39 | cukurbumbuksite · first_building Monastery |
| 18:01 | dru · age_up castle |
| 18:20 | 123 · first_building Barracks |
| 18:28 | Squit Please · first_market_sell 100 wood |
| 19:26 | Squit Please · wall_segment Stone Wall x6 |
| 19:27 | Squit Please · wall_segment Stone Wall x2 |
| 19:29 | Squit Please · wall_segment Stone Wall x1 |
| 19:29 | ismaelhidalgov · wall_segment Palisade Wall x1 |
| 19:35 | sPige0n · wall_segment Stone Wall x5 |
| 19:37 | sPige0n · wall_segment Stone Wall x9 |
| 19:41 | sPige0n · wall_segment Stone Wall x8 |
| 19:45 | ismaelhidalgov · wall_segment Palisade Wall x9 |
| 19:45 | sPige0n · wall_segment Stone Wall x5 |
| 19:53 | ismaelhidalgov · wall_segment Palisade Wall x3 |
| 20:02 | Squit Please · wall_segment Stone Wall x1 |
| 20:03 | Squit Please · wall_segment Stone Wall x1 |
| 20:05 | Squit Please · wall_segment Stone Wall x11 |
| 20:15 | 123 · first_building Stable |
| 20:20 | 123 · wall_segment Stone Wall x1 |
| 20:28 | 123 · wall_segment Stone Wall x8 |
| 20:57 | 123 · age_up imperial |
| 21:16 | Squit Please · age_up castle |
| 21:29 | ismaelhidalgov · wall_segment Palisade Wall x10 |
| 22:03 | ismaelhidalgov · wall_segment Palisade Wall x1 |
| 22:24 | ismaelhidalgov · wall_segment Stone Wall x23 |
| 23:19 | ismaelhidalgov · age_up castle |
| 25:37 | ismaelhidalgov · first_building Stable |
| 25:48 | ismaelhidalgov · first_building Archery Range |
| 26:27 | ismaelhidalgov · wall_segment Stone Wall x8 |
| 27:21 | 123 · first_building Archery Range |
| 27:29 | 123 · first_building Castle |
| 27:44 | sPige0n · wall_segment Stone Wall x1 |
| 27:47 | dru · age_up imperial |
| 28:06 | dru · first_market_buy 100 stone |
| 28:24 | ismaelhidalgov · first_building Castle |
| 28:29 | sPige0n · first_market_sell 100 wood |
| 28:43 | cukurbumbuksite · first_building Castle |
| 29:53 | sPige0n · wall_segment Stone Wall x12 |
| 29:55 | sPige0n · wall_segment Stone Wall x4 |
| 29:57 | cukurbumbuksite · first_building Siege Workshop |
| 30:32 | cukurbumbuksite · wall_segment Palisade Wall x24 |
| 31:17 | dru · wall_segment Stone Wall x9 |
| 31:21 | dru · wall_segment Stone Wall x15 |
| 31:27 | Squit Please · wall_segment Stone Wall x33 |
| 31:28 | dru · wall_segment Stone Wall x11 |
| 31:32 | dru · wall_segment Stone Wall x10 |
| 31:37 | dru · wall_segment Stone Wall x7 |
| 31:55 | Squit Please · first_building Castle |
| 33:40 | dru · wall_segment Stone Wall x6 |
| 33:48 | dru · wall_segment Stone Wall x10 |
| 33:54 | dru · wall_segment Stone Wall x23 |
| 34:03 | dru · wall_segment Stone Wall x15 |
| 34:05 | Squit Please · first_building Siege Workshop |
| 34:11 | dru · wall_segment Stone Wall x7 |
| 34:45 | Squit Please · age_up imperial |
| 35:12 | 123 · first_building Siege Workshop |
| 35:17 | cukurbumbuksite · age_up imperial |
| 36:00 | dru · wall_segment Stone Wall x13 |
| 36:09 | dru · wall_segment Stone Wall x9 |
| 36:40 | dru · first_building Monastery |
| 37:20 | Squit Please · wall_segment Stone Wall x23 |
| 37:32 | Squit Please · wall_segment Stone Wall x15 |
| 38:09 | sPige0n · first_building Castle |
| 38:30 | ismaelhidalgov · age_up imperial |
| 39:13 | dru · first_building Castle |
| 41:04 | Squit Please · wall_segment Stone Wall x7 |
| 46:43 | ismaelhidalgov · wall_segment Stone Wall x6 |
| 46:49 | dru · wall_segment Stone Wall x9 |
| 54:31 | Squit Please · resign |
[ AI ANALYSIS · 1 CREDIT ]
What really happened in this match?
Wolo.gg analyzes every decision: build order, eco, micro, common mistakes by bracket. Personalized analysis on WhatsApp or Discord in 30 seconds.
Civ guide
Celts
Perfil
Jugador #2579518